 Dungeon Crawl Stone Soup version 0.23-a0-667-gc184e93 (webtiles) character file.

1 MalarOregon the Chiller (level 1, 0/13 HPs)
             Began as a Merfolk Ice Elementalist on Jan 9, 2019.
             Slain by a jackal (2 damage)
             ... on level 1 of the Dungeon.
             The game lasted 00:00:37 (57 turns).

MalarOregon the Chiller (Merfolk Ice Elementalist)    Turns: 57, Time: 00:00:37

Health: 0/13       AC:  2    Str:  8    XL:     1   Next: 20%
Magic:  0/3        EV: 13    Int: 14    God:
Gold:   13         SH:  0    Dex: 14    Spells: 3/4 levels left

rFire    . . .     SeeInvis .   (no weapon)
rCold    . . .     Gourm    .   (no shield)
rNeg     . . .     Faith    .   a - +0 robe
rPois    .         Spirit   .   (no helmet)
rElec    .         Reflect  .   (no cloak)
rCorr    .         Harm     .   (no gloves)
MR       .....                  (no boots)
Stlth    ++........             (no amulet)
HPRegen  0.04/turn              (no ring)
MPRegen  0.08/turn              (no ring)

@: no status effects
A: change form in water, swift swim, stealthy swim
a: no special abilities


You were on level 1 of the Dungeon.
You were not hungry.

You visited 1 branch of the dungeon, and saw 1 of its levels.

You collected 13 gold pieces.

Inventory:

Armour
 a - a +0 robe (worn)
Potions
 b - a potion of haste {@q3}
 c - a potion of curing {unknown}
Comestibles
 e - a ration {!d}


   Skills:
 + Level 0.1 Fighting
 + Level 0.1 Throwing
 - Level 2.6 Dodging
 - Level 2.1 Stealth
 + Level 2.0 Spellcasting
   Level 0.7 Conjurations
 + Level 3.3 Ice Magic


You had 3 spell levels left.
You knew the following spells:

 Your Spells              Type           Power        Failure   Level  Hunger
a - Freeze                Ice            ##..         6%          1    ##.....

Your spell library contained the following spells:

 Spells                   Type           Power        Failure   Level  Hunger
 Throw Frost              Conj/Ice       #.....       16%         2    ###....
 Ozocubu's Armour         Chrm/Ice       #.......     36%         3    ####...
 Throw Icicle             Conj/Ice       #.......     71%         4    #####..
 Summon Ice Beast         Ice/Summ       #.......     77%         4    #####..


Dungeon Overview and Level Annotations

Branches:
Dungeon (1/15)

Altars:


Message History

Aim: a jackal You freeze the jackal.
The jackal misses you. The jackal closely misses you.
Aim: a jackal (moderately wounded)
You freeze the jackal. You barely miss the jackal.
The jackal bites you but does no damage.
You closely miss the jackal. The jackal closely misses you.
The jackal barely misses you.
You hit the jackal.
The jackal bites you but does no damage.
You closely miss the jackal. The jackal barely misses you.
You closely miss the jackal. The jackal closely misses you.
The jackal barely misses you.
You hit the jackal but do no damage. The jackal closely misses you.
You hit the jackal but do no damage. The jackal barely misses you.
The jackal bites you but does no damage.
You closely miss the jackal.
The jackal bites you but does no damage.
You hit the jackal. The jackal bites you.
You closely miss the jackal. The jackal completely misses you.
The jackal barely misses you.
Aim: a jackal (moderately wounded)
You freeze the jackal.
You kill the jackal!
The bat closely misses you. The bat closely misses you. The jackal misses you.
There is an open door here.
You see here a jackal corpse.
You closely miss the jackal. The bat hits you but does no damage.
The jackal bites you.
The jackal bites you but does no damage.
You barely miss the jackal. The jackal barely misses you.
The bat barely misses you.
You hit the jackal but do no damage. The bat hits you but does no damage.
The jackal barely misses you.
You hit the jackal but do no damage. The jackal misses you. x2
The bat hits you but does no damage.
You barely miss the jackal. The bat misses you. The bat completely misses you.
The jackal bites you.
You hit the jackal but do no damage. The bat completely misses you.
The jackal closely misses you. The jackal bites you.
Your magical contamination has completely faded away.
You barely miss the jackal. The bat misses you. The jackal bites you.
* * * LOW HITPOINT WARNING * * *
You barely miss the jackal. The jackal barely misses you. x2
You hit the jackal but do no damage. The jackal bites you.
* * * LOW HITPOINT WARNING * * *
Aim: a jackal (heavily wounded)
You freeze the jackal. The jackal bites you.
You die...

####### .......
....... .......
....... .>.....
###.#########.......
...........@hb......
######.#####.......
#######.#######.....
#####.............#
####
##....[.....⌠.......
...⌠................
.....(.⌠.........⌠..
....................
.⌠..........<.......


You could see a jackal and a bat.

Vanquished Creatures
  A jackal (D:1)
1 creature vanquished.

Notes
Turn   | Place    | Note
-------+----------+-------------------------------------------
     0 | D:1      | MalarOregon the Merfolk Ice Elementalist began the quest
                  | for the Orb.
     0 | D:1      | Reached XP level 1. HP: 13/13 MP: 3/3
    57 | D:1      | Slain by a jackal

Vault maps used:
D:1:      dpeg_arrival_water_temple_mockup

Action                   || total
-------------------------++-------
Melee: Unarmed           ||    19
 Cast: Freeze            ||     4
  Use: Scroll            ||     1
Armor: Robe              ||     8
Dodge: Dodged            ||    27

Table legend:
 A = Non-vault XP
 B = Vault XP
 C = Vault XP percentage of total XP
 D = Non-vault monster count
 E = Vault monster count
 F = Vault count percentage of total count
                 A         B        C        D         E       F
            +---------+---------+-------+---------+---------+-------
      Total |       2 |       0 |   0.0 |       1 |       0 |   0.0
            +---------+---------+-------+---------+---------+-------
        D:1 |       2 |       0 |   0.0 |       1 |       0 |   0.0
            +---------+---------+-------+---------+---------+-------
